AoeStats
← 路边的野人

Arena

510295025Analyzed
4v4 RM · 1d ago on Sep 30, 2026· 37m 35s· 8 players
Game mode
Random Map
Map size
Large (8 player)
Population
200
Speed
Normal
Resources
Standard
Victory
Conquest
Starting age
Dark Age
Ending age
Imperial Age
RankedLock teamsTeams togetherTeam positionsShared explorationLock speedFull tech treeHidden civsTurbo modeCheats
Victory
Defeat
🇨🇳 Varangians · China
1629
+8
🇨🇳 Tatars · China
1542
+11
🇨🇳 Britons · China
1350
+19
🇨🇳 Vietnamese · China
1313
+20
🇨🇿 Spanish · Czechia
1498
-17
🇨🇳 Huns · China
1411
-14
1407
-14
🇬🇷 Magyars · Greece
1377
-13
后入显风格
9:53 Feudal Age
13:51 Castle Age
12:42 Double-Bit Axe
15:49 Horse Collar
21:44 Heavy Plow
21:44 Loom
23:12 Wheelbarrow
24:00 Stone Mining
28:46 Imperial Age
26:10 Gold Mining
27:18 Scale Barding Armor
28:00 Thumb Ring
27:48 Fletching
28:48 Husbandry
28:59 Bloodlines
28:12 Light Cavalry
29:15 Chain Barding Armor
28:52 Bodkin Arrow
29:23 Ballistics
28:56 Heavy Cavalry Archer
30:22 Parthian Tactics
30:24 Conscription
30:35 Bracer
31:13 Bow Saw
31:54 Padded Archer Armor
32:57 Chemistry
32:24 Capped Ram
34:13 Chain Barding Armor
34:09 Leather Archer Armor
35:37 Plate Barding Armor
35:13 Forging
2ʙ♥ˡᵒᵛᵉᵧₒᵤ
0:41 Loom
9:34 Feudal Age
15:38 Castle Age
13:51 Horse Collar
15:50 Double-Bit Axe
17:36 Heavy Plow
21:21 Stone Mining
21:24 Gold Mining
22:33 Bow Saw
24:36 Wheelbarrow
28:53 Imperial Age
27:31 Gold Shaft Mining
27:36 Hand Cart
28:48 Pikeman
29:29 Squires
29:56 Ballistas
29:26 Heavy Scorpion
30:59 Conscription
31:29 Siege Engineers
31:45 Ballistics
31:48 Halberdier
32:48 Scale Mail Armor
32:58 Forging
34:14 Chain Mail Armor
36:30 Chemistry
37:20 Iron Casting
fall
10:46 Feudal Age
15:05 Castle Age
14:11 Double-Bit Axe
14:07 Horse Collar
16:43 Town Watch
17:51 Bow Saw
22:11 Loom
22:34 Heavy Plow
25:31 Wheelbarrow
30:17 Imperial Age
28:35 Padded Archer Armor
29:08 Ballistics
29:09 Stone Mining
29:10 Gold Mining
29:51 Bloodlines
30:31 Husbandry
30:48 Elite Conquistador
32:40 Chemistry
33:35 Hand Cart
33:35 Hand Cart
34:06 Leather Archer Armor
34:25 Scale Barding Armor
Zzulu
10:58 Feudal Age
15:30 Castle Age
14:08 Double-Bit Axe
14:59 Horse Collar
16:35 Bow Saw
24:02 Wheelbarrow
26:03 Hand Cart
25:34 Loom
28:55 Imperial Age
27:44 Padded Archer Armor
27:34 Fletching
27:50 Scale Barding Armor
28:08 Ballistics
27:58 Masonry
28:09 Town Watch
28:46 Leather Archer Armor
28:52 Thumb Ring
28:49 Corvinian Army
29:21 Heavy Cavalry Archer
30:27 Parthian Tactics
30:25 Conscription
30:03 Stone Mining
30:04 Gold Mining
31:28 Chemistry
30:27 Bodkin Arrow
35:28 Ring Archer Armor
34:58 Bracer
35:19 Chain Barding Armor
小白妈妈
10:06 Feudal Age
10:54 Double-Bit Axe
14:09 Castle Age
12:50 Horse Collar
15:40 Wheelbarrow
15:20 Bow Saw
23:49 Hand Cart
24:20 Heavy Plow
24:25 Gold Mining
25:49 Gold Shaft Mining
25:48 Loom
28:50 Imperial Age
27:30 Bloodlines
27:28 Town Watch
28:31 Forging
28:26 Scale Barding Armor
28:23 Stone Mining
29:10 Husbandry
30:07 Iron Casting
29:52 Chain Barding Armor
29:58 Conscription
29:02 Elite Keshik
30:24 Crop Rotation
31:11 Plate Barding Armor
30:31 Treadmill Crane
31:14 Ballistics
31:54 Chemistry
31:58 Blast Furnace
30:50 Fletching
31:38 Padded Archer Armor
32:23 Guilds
32:28 Bodkin Arrow
34:38 Leather Archer Armor
34:23 Bracer
34:36 Masonry
35:35 Timurid Siegecraft
35:26 Silk Armor
36:29 Ring Archer Armor
35:27 Heavy Cavalry Archer
路边的野人
10:53 Feudal Age
14:53 Castle Age
13:21 Horse Collar
14:12 Double-Bit Axe
16:42 Bow Saw
20:52 Heavy Plow
22:31 Town Watch
23:59 Wheelbarrow
29:02 Imperial Age
27:20 Scale Barding Armor
27:25 Forging
27:54 Gold Mining
28:18 Chatras
28:39 Chain Barding Armor
29:17 Bloodlines
31:19 Chemistry
30:16 Elite Battle Elephant
31:44 Iron Casting
31:45 Elite Skirmisher
33:35 Plate Barding Armor
32:41 Imperial Skirmisher
33:24 Padded Archer Armor
33:16 Fletching
35:14 Leather Archer Armor
35:50 Bodkin Arrow
37:04 Ring Archer Armor
37:02 Bracer
38:08 Thumb Ring
名奈奈奈
11:20 Feudal Age
15:59 Castle Age
14:26 Double-Bit Axe
15:02 Horse Collar
18:19 Heavy Plow
24:03 Bow Saw
29:48 Imperial Age
27:37 Gold Mining
27:43 Fletching
28:29 Stone Mining
28:50 Bodkin Arrow
29:55 Yeomen
30:13 Padded Archer Armor
31:00 Gold Shaft Mining
31:32 Wheelbarrow
31:40 Bracer
32:31 Masonry
34:10 Ballistics
34:51 Chemistry
35:00 Hand Cart
35:57 Architecture
35:20 Heated Shot
35:14 Treadmill Crane
35:58 Conscription
36:17 Leather Archer Armor
36:38 Architecture
36:34 Elite Longbowman
38:50 Hoardings
C15-kyosokyoku
1:16 Loom
10:37 Feudal Age
11:48 Double-Bit Axe
14:11 Castle Age
12:23 Horse Collar
15:19 Bow Saw
15:56 Heavy Plow
23:08 Wheelbarrow
23:34 Heavy Plow
23:59 Loom
25:41 Hand Cart
25:13 Town Watch
28:45 Imperial Age
26:29 Gold Mining
27:05 Scale Mail Armor
27:47 Squires
27:32 Gambesons
27:32 Arson
27:34 Treadmill Crane
28:48 Chain Mail Armor
28:43 Forging
28:46 Elite Varangian Guard
30:01 Plate Mail Armor
28:51 Gothikon
29:52 Conscription
29:53 Capped Ram
32:09 Iron Casting
32:36 Coinage
33:57 Banking
36:16 Guilds
36:07 Siege Ram
Connection lost

Rejoining the realm…

Still unreachable

The connection could not be restored.

Session expired

The server has moved on; the page needs a fresh start.